 Dungeon Crawl Stone Soup version 0.25-a0-578-gc91f01c39c (webtiles) character file.

Game seed: 14382773850531045854, levelgen mode: deterministic

259 An17 the Sneak (level 5, -6/28 HPs)
             Began as a Vampire Enchanter on Mar 3, 2020.
             Killed by divine providence
             ... invoked by an orc priest
              (14 damage)
             ... on level 3 of the Dungeon.
             The game lasted 00:11:09 (3192 turns).

An17 the Sneak (Vampire Enchanter)                  Turns: 3192, Time: 00:11:09

Health: -6/28      AC:  5    Str:  7    XL:     5   Next: 95%
Magic:  8/9        EV: 12    Int: 17    God:
Gold:   148        SH:  0    Dex: 16    Spells: 3/9 levels left

rFire    . . .     SeeInvis +   a - +1 dagger
rCold    + + .     Gourm    .   (no shield)
rNeg     + + +     Faith    .   k - +0 leather armour
rPois    ∞         Spirit   .   (no helmet)
rElec    .         Reflect  .   (no cloak)
rCorr    .         Harm     .   h - +1 pair of gloves
MR       .....                  (no boots)
Stlth    +++++.....             (no amulet)
HPRegen  0.00/turn              (no ring)
MPRegen  0.11/turn              (no ring)

@: bloodless
A: no food, fangs 3, see invisible, unbreathing
a: Bat Form, Revivify


You were on level 3 of the Dungeon.
You were bloodless.

You visited 1 branch of the dungeon, and saw 4 of its levels.

You collected 148 gold pieces.

Inventory:

Hand Weapons
 a - a +1 dagger (weapon)
 d - a +1 hand axe of electrocution
Missiles
 f - 12 poisoned darts (quivered)
Armour
 h - a +1 pair of gloves (worn)
 k - a +0 leather armour (worn)
Scrolls
 g - 3 scrolls of remove curse
 l - a scroll of enchant armour
Potions
 b - 2 potions of brilliance {unknown}
 c - 2 potions of curing
 e - a potion of flight
 i - a potion of haste {unknown}
 j - a potion of heal wounds
 m - a potion of cancellation {unknown}
 n - a potion of berserk rage {unknown}


   Skills:
 + Level 0.6 Fighting
 + Level 2.3 Short Blades
 + Level 0.8 Armour
 + Level 2.8 Dodging
 + Level 7.1 Stealth
 + Level 2.7 Spellcasting
 + Level 5.6 Hexes
 + Level 1.0 Ice Magic


You had 3 spell levels left.
You knew the following spells:

 Your Spells              Type           Power        Failure   Level  Hunger
a - Corona                Hex            ###....      2%          1    N/A
b - Ensorcelled Hibernat  Hex/Ice        ##....       10%         2    N/A
c - Tukima's Dance        Hex            ###.....     8%          3    N/A

Your spell library contained the following spells:

 Spells                   Type           Power        Failure   Level  Hunger
 Confusing Touch          Hex            ###.....     8%          3    N/A
 Dazzling Flash           Conj/Hex       ##....       24%         3    N/A

Dungeon Overview and Level Annotations

Branches:
Dungeon (4/15)
 Temple: D:4-7

Altars:

Annotations:
D:3 2 transporters


Innate Abilities, Weirdness & Mutations

You do not eat.
You do not regenerate when monsters are visible.
You are frail without blood (-20% HP).
You can heal yourself when you bite living creatures.
You are immune to poison.
You have razor-sharp teeth.
You have supernaturally acute eyesight. (SInv)
You can survive without breathing.


Message History

Confirm with . or Enter, or press ? or * to list all spells.
Okay, then.
You feel better. The orc priest misses you.
You closely miss the orc priest.
The orc priest hits you with a +0 short sword.
* * * LOW HITPOINT WARNING * * *
Throwing (i - inventory)
f - 14 poisoned darts (quivered)
Press: ? - help, Shift-Dir - straight line, f - orc priest
Aim: an orc priest, wielding a +0 short sword and wearing a +0 leather armour You throw a poisoned dart.
The poisoned dart hits the orc priest.
The orc priest is poisoned.
The orc priest closely misses you.
Throwing (i - inventory)
f - 13 poisoned darts (quivered)
Press: ? - help, Shift-Dir - straight line, f/p - orc priest
Aim: an orc priest, wielding a +0 short sword and wearing a +0 leather armour (lightly wounded, poisoned)
You throw a poisoned dart. The poisoned dart hits the orc priest.
The orc priest is lightly wounded.
The orc priest invokes the aid of Beogh against you.
Beogh smites you!
Ouch! That really hurt!
You die...

###≈≈##'..###.##.# #.#
'≈≈≈≈≈≈#...##.##.# #.#
'≈≈≈≈≈†#..#...##.###.#
###≈≈##'...#####.....#
#.####..#..# ####..#
.......##..# #<.#
##....###..## #..#
.)..........#######..#
###...###....)>o@....#
# ##.## ##..#######.##
# #.#####..# #.# #
#.(......# #.#
####..#####.# #.#
......# #.# #####.#
.....## #.# #.....#
###### #.# #.#####
###########.# #.#


You could see an orc priest.

Vanquished Creatures
  A sky beast (D:4)
  6 adders
  An adder skeleton (D:4)
  4 worms
  A dart slug (D:1)
  7 leopard geckos
  5 orcs (D:3)
  A ball python (D:3)
  8 bats
  5 giant cockroaches
  9 goblins
  9 hobgoblins
  4 jackals (D:3)
  5 kobolds
  2 quokkas
  10 frilled lizards
  11 rats
89 creatures vanquished.

Notes
Turn   | Place    | Note
-------+----------+-------------------------------------------
     0 | D:1      | An17 the Vampire Enchanter began the quest for the Orb.
     0 | D:1      | Reached XP level 1. HP: 13/13 MP: 3/3
   176 | D:1      | Reached XP level 2. HP: 19/19 MP: 5/5
   184 | D:1      | Learned a level 2 spell: Ensorcelled Hibernation
   265 | D:1      | Reached skill level 5 in Hexes
   625 | D:1      | Reached XP level 3. HP: 19/19 MP: 2/6
   630 | D:1      | Learned a level 3 spell: Tukima's Dance
  1006 | D:2      | Reached skill level 5 in Stealth
  1250 | D:2      | Reached XP level 4. HP: 24/24 MP: 7/7
  1586 | D:2      | Reached skill level 6 in Stealth
  2062 | D:3      | Reached XP level 5. HP: 28/28 MP: 5/8
  2149 | D:3      | Found a transporter.
  2183 | D:3      | Found a transporter.
  2341 | D:3      | HP: 1/28 [orc/+0 club (5)]
  3000 | D:4      | Noticed a sky beast
  3012 | D:4      | Noticed a phantom
  3013 | D:4      | Killed a sky beast
  3013 | D:4      | Reached skill level 7 in Stealth
  3013 | D:4      | Reached skill level 1 in Ice Magic
  3017 | D:4      | HP: 1/28 [orc priest/divine providence (12)]
  3192 | D:3      | Killed from afar by an orc priest

Levels and vault maps discovered:
D:1:      saegor_arrival_simple_e, layout_loops_corners, st_stairs_3,
          minmay_misc_feat_pillars, hangedman_abyss_or_decor_lesser_grid
D:2:      layout_basic, ebering_dispersal_statue_hall
D:3:      gammafunk_steamed_eel, layout_loops_ring, gup_sewer_entry_bowl
D:4:      layout_basic, yredelemnul_forgotten_temple_becter,
          minmay_temple_entry_gardened_gates, tgw_sif

Skill      XL: |  1  2  3  4  5 |
---------------+----------------+-----
Hexes          | 5 |  5.6
Stealth        | 5 6 7 |  7.1
Short Blades   | 2 |  2.3
Ice Magic      | 1 |  1.0
Fighting       | |  0.6
Armour         | |  0.8
Dodging        | |  2.8
Spellcasting   | |  2.7

Action                   |  1- 3 |  4- 6 || total
-------------------------+-------+-------++-------
Melee: Dagger            |    98 |   144 ||   242
       Bite              |     3 |    10 ||    13
Throw: Dart              |       |     2 ||     2
 Cast: Corona            |     1 |       ||     1
       Ensorcelled Hiber |     9 |    24 ||    33
 Abil: Exsanguinate      |     1 |       ||     1
  Use: Scroll            |     2 |     4 ||     6
       Potion            |       |     2 ||     2
 Stab: Sleeping          |    27 |    31 ||    58
Armor: Robe              |    14 |       ||    14
       Leather armour    |       |    30 ||    30
Dodge: Dodged            |    47 |    86 ||   133

Table legend:
 A = Non-vault XP
 B = Vault XP
 C = Vault XP percentage of total XP
 D = Non-vault monster count
 E = Vault monster count
 F = Vault count percentage of total count
                 A         B        C        D         E       F
            +---------+---------+-------+---------+---------+-------
      Total |     361 |      10 |   2.7 |      85 |       4 |   4.5
            +---------+---------+-------+---------+---------+-------
        D:1 |      39 |       4 |   9.3 |      24 |       2 |   7.7
        D:2 |      93 |       0 |   0.0 |      23 |       0 |   0.0
        D:3 |      97 |       6 |   5.8 |      36 |       2 |   5.3
        D:4 |     132 |       0 |   0.0 |       2 |       0 |   0.0
            +---------+---------+-------+---------+---------+-------
